 Dungeon Crawl Stone Soup version 0.13-a0-3073-ga7cf4ae (webtiles) character file.

124 Duskembrace the Charmwright (level 3, -2/23 HPs)
             Began as a High Elf Skald on Sept 16, 2013.
             Slain by Terence
             ... wielding a +0,+0 mace
              (6 damage)
             ... on Level 2 of the Dungeon.
             The game lasted 00:05:56 (1590 turns).

Duskembrace the Charmwright (High Elf Skald)        Turns: 1590, Time: 00:05:56

HP  -2/23        AC  2     Str 11      XL: 3   Next: 33%
MP   7/9         EV 12     Int 15      God:
Gold 82          SH  0     Dex 16      Spells:  2 memorised,  4 levels left

Res.Fire  : . . .   See Invis. : .   a - +0 elf falchion
Res.Cold  : . . .   Warding    : .   i - +0 elf robe
Life Prot.: . . .   Conserve   : .   (no shield)
Res.Poison: .       Res.Corr.  : .   (no helmet)
Res.Elec. : .       Clarity    : .   (no cloak)
Sust.Abil.: . .     Spirit.Shd : .   (no gloves)
Res.Mut.  : .       Stasis     : .   (no boots)
Res.Rott. : .       Flight     : .   (no amulet)
Saprovore : . . .                    (no ring)
                                     (no ring)

@: slightly resistant to hostile enchantments, unstealthy
A: no striking features
a: no special abilities


You were on level 2 of the Dungeon.
You were not hungry.

You visited 1 branch of the dungeon, and saw 2 of its levels.

You collected 62 gold pieces.

Inventory:

Hand weapons
 a - a +0,+0 elven falchion (weapon)
Missiles
 j - 27 darts (quivered)
Armour
 b - a +0 elven leather armour
 i - a +0 elven robe (worn)
Comestibles
 d - a bread ration
 l - a meat ration
 o - an apple
Scrolls
 f - a scroll of recharging {unknown}
 g - 2 scrolls of teleportation {unknown}
 k - 2 scrolls of fog {unknown}
 m - a scroll of magic mapping {unknown}
 p - a scroll of curse jewellery {unknown}
Potions
 h - a potion of curing {unknown}
 n - a potion of paralysis {unknown}
Books
 c - a book of Battle

   Spells                             Type                      Level
   *Infusion                          Charms                       1
   *Shroud of Golubria                Charms/Translocation         2
   Song of Slaying                    Charms                       2
   Spectral Weapon                    Hexes/Charms                 3
   Regeneration                       Charms/Necromancy            3
   Song of Shielding                  Charms                       4


   Skills:
 + Level 2.2 Fighting
 + Level 2.7 Long Blades
 + Level 1.2 Armour
 + Level 1.9 Dodging
 + Level 0.2 Stealth
 + Level 2.8 Spellcasting
 + Level 4.1 Charms


You had 4 spell levels left.
You knew the following spells:

 Your Spells              Type           Power        Failure   Level  Hunger
a - Infusion              Chrm           ##....       4%          1    #......
b - Shroud of Golubria    Chrm/Tloc      #.........   14%         2    ##.....


Dungeon Overview and Level Annotations

Branches:
Dungeon (2/27)

Altars:

Annotations:
D:2 Terence


Message History

Terence is heavily wounded.
The hobgoblin barely misses you.
You closely miss Terence.
Terence is heavily wounded.
Terence hits you but does no damage.
The hobgoblin hits you with an orcish club.
You barely miss Terence.
Terence is heavily wounded.
Terence hits you with a mace. The hobgoblin barely misses you.
You hit Terence but do no damage.
Terence is heavily wounded.
You are feeling less magically infused.
Terence says, "How do you enjoy it?" Terence hits you with a mace!
* * * LOW HITPOINT WARNING * * *
The hobgoblin hits you but does no damage.
Drink which item? (? for menu, Esc to quit)
You feel refreshed.
It was a potion of restore abilities.
Terence hits you with a mace.
You die...

. #. #.##.# ..##.##
#...... ......# #.##..#
#.# #.##..# ..# #.##.@#
### ##.##g@# #......#
########..#...#
#.........#...#
#.######.##...# # #.#
#.##...##..#.##
####.######.##...........
#.........#.##.#.##.##.##


You could see Terence and a hobgoblin.

Vanquished Creatures
  An adder (D:2)
  A giant gecko (D:1)
  2 oozes (D:1)
  6 bats (D:1)
  A giant cockroach (D:2)
  5 goblins (D:1)
  5 hobgoblins
  3 jackals (D:2)
  A kobold (D:1)
  2 rats
27 creatures vanquished.

Notes
Turn   | Place    | Note
--------------------------------------------------------------
     0 | D:1      | Duskembrace, the High Elf Skald, began the quest for the Orb.
     0 | D:1      | Reached XP level 1. HP: 13/13 MP: 4/4
   457 | D:1      | Reached XP level 2. HP: 13/18 MP: 6/6
   467 | D:1      | Learned a level 2 spell: Shroud of Golubria
   688 | D:1      | Reached skill level 4 in Charms
   806 | D:1      | Reached skill level 1 in Armour
  1060 | D:2      | Reached XP level 3. HP: 19/23 MP: 4/9
  1570 | D:2      | Noticed Terence
  1590 | D:2      | Slain by Terence

Action                   || total
-------------------------++-------
Melee: Falchion          ||    89
 Cast: Infusion          ||    10
       Shroud of Golubri ||     2
  Use: Potion            ||     1
 Stab: Sleeping          ||     1
